AoeStats
← Voxi

Arabia

505050679Analyzed
1v1 RM · 25d ago on Sep 7, 2026· 43m 30s· 2 players
Game mode
Random Map
Map size
Tiny (2 player)
Population
200
Speed
Normal
Resources
Standard
Victory
Conquest
Starting age
Dark Age
Ending age
Imperial Age
RankedLock teamsTeams togetherTeam positionsShared explorationLock speedFull tech treeHidden civsTurbo modeCheats
Victory
Defeat
🇩🇪 Teutons · Germany
1067
+17
🇨🇱 Inca · Chile
1092
-17
Voxi
7:37 Loom
10:34 Feudal Age
10:38 Man-at-Arms
11:07 Double-Bit Axe
17:20 Fletching
19:23 Wheelbarrow
23:16 Castle Age
23:53 Scale Barding Armor
23:23 Crossbowman
24:00 Bodkin Arrow
27:08 Scale Mail Armor
27:15 Arson
28:45 Chain Barding Armor
31:27 Bow Saw
33:46 Forging
36:27 Long Swordsman
41:46 Imperial Age
38:55 Elite Skirmisher
40:14 Bloodlines
43:21 Iron Casting
Connantai
7:07 Loom
9:27 Feudal Age
9:31 Champi Runner
10:07 Double-Bit Axe
11:05 Horse Collar
22:23 Castle Age
21:13 Fletching
22:02 Padded Archer Armor
23:09 Champi Warrior
24:49 Leather Archer Armor
26:48 Elite Skirmisher
29:42 Pikeman
32:05 Bodkin Arrow
35:27 Wheelbarrow
35:04 Town Watch
40:08 Imperial Age
Connection lost

Rejoining the realm…

Still unreachable

The connection could not be restored.

Session expired

The server has moved on; the page needs a fresh start.